 Dungeon Crawl Stone Soup version 0.29.0-4-gdea44cf6ec (webtiles) character file.

Game seed: 941239737314228806

30 qw the Chopper (level 3, 0/21 HPs)
             Began as a Tengu Warper on Aug 28, 2022.
             Slain by a hobgoblin (1 damage)
             ... led by Robin
             ... on level 2 of the Dungeon.
             The game lasted 00:00:05 (1637 turns).

qw the Chopper (Tengu Warper)                       Turns: 1637, Time: 00:00:06

Health: 0/21       AC:  5    Str: 13    XL:     3   Next: 18%
Magic:  7/7        EV: 11    Int: 13    God:
Gold:   32         SH:  0    Dex: 13    Spells: 6/6 levels left

rFire   . . .      SeeInvis .   Y - +0 hand axe
rCold   . . .      Faith    .   (no shield)
rNeg    . . .      Spirit   .   f - +0 ring mail
rPois   .          Reflect  .   (helmet restricted)
rElec   .          Harm     .   (no cloak)
rCorr   .          Rampage  .   (no gloves)
Will    .....                   (boots unavailable)
Stlth   +.........              (no amulet)
HPRegen 0.07/turn               (no ring)
MPRegen 0.10/turn               (no ring)

@: no status effects
A: beak, talons 3
a: no special abilities


You were on level 2 of the Dungeon.
You visited 1 branch of the dungeon, and saw 2 of its levels.

You collected 32 gold pieces.


Innate Abilities, Weirdness & Mutations

You have a beak for a mouth.
You have claws for feet.


   Skills:
 - Level 2.0 Fighting
 + Level 3.9 Axes
 - Level 1.0 Throwing
 - Level 1.1 Armour
 - Level 2.1 Dodging
 - Level 2.0 Spellcasting
 - Level 2.4 Translocations


You had 6 spell levels left.
You didn't know any spells.
Your spell library contained the following spells:

 Spells                   Type           Power      Damage    Failure   Level
 Blink                    Tloc           14%        N/A       30%         2
 Gell's Gravitas          Tloc           7%         N/A       52%         3
 Lesser Beckoning         Tloc           7%         N/A       52%         3
 Teleport Other           Tloc           7%         N/A       52%         3
 Manifold Assault         Tloc           7%         N/A       99%         5

Inventory:

Hand Weapons
 i - a +0 vampiric whip
 Y - a +0 hand axe (weapon)
Armour
 f - a +0 ring mail (worn)
Scrolls
 j - 2 scrolls of identify
Potions
 d - a potion of haste

Dungeon Overview and Level Annotations

Branches:
Dungeon (2/15)

Altars:

Shops:
D:1 (

Annotations:
D:2 Robin


Message History

You kill the goblin!
You barely miss the goblin. You closely miss the hobgoblin.
The hobgoblin closely misses you. The goblin barely misses you.
The hobgoblin hits you but does no damage.
You barely miss the hobgoblin. Your peck misses the hobgoblin.
You hit the hobgoblin. You hit the goblin. x2
You kill the goblin!
The goblin hits you with a +0 club. The hobgoblin hits you.
You have reached level 3!
Your experience leads to an increase in your attributes!
Increase (S)trength, (I)ntelligence, or (D)exterity?
You feel stronger. x2
You closely miss the hobgoblin. You peck the hobgoblin.
You kill the hobgoblin!
You hit the goblin.
You kill the goblin!
You hit the hobgoblin. You closely miss the hobgoblin.
You hit Robin but do no damage. The hobgoblin hits you.
The hobgoblin misses you. Robin hits you with a +0 mace.
You hit the hobgoblin but do no damage. Your peck misses the hobgoblin.
The hobgoblin is lightly wounded.
You hit the hobgoblin. You completely miss Robin. You hit the hobgoblin.
The hobgoblin hits you but does no damage. x2
Robin misses you. The hobgoblin hits you.
You hit the hobgoblin.
You kill the hobgoblin!
You hit the hobgoblin but do no damage. You hit Robin.
You hit the hobgoblin but do no damage. The hobgoblin closely misses you.
The hobgoblin hits you. Robin barely misses you.
You barely miss the hobgoblin. You claw the hobgoblin.
You kill the hobgoblin!
You hit Robin but do no damage. You hit the hobgoblin but do no damage.
The hobgoblin misses you. Robin hits you with a +0 mace.
You hit Robin. You claw Robin!
Robin is severely wounded.
You hit the hobgoblin but do no damage. Robin hits you with a +0 mace.
The hobgoblin barely misses you. The hobgoblin hits you.
You die...

#############
#...........#
#.#########.######
#.# #........ #.#
#..###### #.#
#........ #.#
#....####
###)###### #......#
#.g@)....# #....#.#
#.)g)....# #....#.#
#........###......#
#....###......#####
#....#
#............
#....+
+..<..#######
.#...# #..........
#.#...# ###########


You could see Robin and a hobgoblin (strong).

Vanquished Creatures
  A dart slug (D:1)
  A bat (D:1)
  An endoplasm (D:1)
  7 goblins
  4 hobgoblins
  4 jackals (D:1)
  A quokka (D:1)
  2 frilled lizards (D:1)
  A rat (D:1)
22 creatures vanquished.

Vanquished Creatures (others)
  A plant (D:1)
1 creature vanquished.

Grand Total: 23 creatures vanquished

Notes
Turn   | Place    | Note
-------+----------+-------------------------------------------
     0 | D:1      | qw the Tengu Warper began the quest for the Orb.
     0 | D:1      | Reached XP level 1. HP: 12/12 MP: 4/4
     0 | D:1      | 0 ||| qw: Version: 0.1-a-89-g26bdef1
     0 | D:1      | 0 ||| qw: Game counter: 1663
     0 | D:1      | 0 ||| qw: Always use a shield: true
     0 | D:1      | 0 ||| qw: God list: Okawaru
     0 | D:1      | 0 ||| qw: Allow faded altars: false
     0 | D:1      | 0 ||| qw: Do Orc after D:15 true
     0 | D:1      | 0 ||| qw: Do second Lair branch before Depths: true
     0 | D:1      | 0 ||| qw: Lair rune preference: random
     0 | D:1      | 0 ||| qw: Plans: Normal
     0 | D:1      | 0 ||| PLANNING D:1-11
   265 | D:1      | 265 ||| Stepping ~*~*~tactically~*~*~ (stealth).
   342 | D:1      | Reached skill level 3 in Axes
   342 | D:1      | Reached XP level 2. HP: 17/17 MP: 6/6
   431 | D:1      | Found Udinen's Weapon Boutique.
   441 | D:1      | 441 ||| SHOPLISTING +2 hand axe of flaming (174 gold, have
                  | 32).
   524 | D:1      | 524 ||| Stepping ~*~*~tactically~*~*~ (hiding).
   626 | D:1      | 626 ||| Stepping ~*~*~tactically~*~*~ (hiding).
   728 | D:1      | 728 ||| Stepping ~*~*~tactically~*~*~ (hiding).
   830 | D:1      | 830 ||| Stepping ~*~*~tactically~*~*~ (hiding).
   932 | D:1      | 932 ||| Stepping ~*~*~tactically~*~*~ (hiding).
  1034 | D:1      | 1034 ||| Stepping ~*~*~tactically~*~*~ (hiding).
  1136 | D:1      | 1136 ||| Stepping ~*~*~tactically~*~*~ (hiding).
  1200 | D:1      | Found a faded altar of an unknown god.
  1563 | D:1      | 1563 ||| UPGRADING to +0 ring mail.
  1573 | D:1      | 1573 ||| DROPPING +0 leather armour.
  1574 | D:1      | 1574 ||| DROPPING amulet of magic regeneration.
  1575 | D:1      | 1575 ||| READING 2 scrolls labelled DURAGAW UCEUGA.
  1578 | D:1      | 1578 ||| READING scroll labelled QOAWKE WOANIALL.
  1579 | D:1      | 1579 ||| READING 2 scrolls labelled TIJUGA XUOGU.
  1580 | D:1      | 1580 ||| READING 4 scrolls labelled ZILAUG KAEG.
  1581 | D:1      | 1581 ||| READING 3 scrolls of identify.
  1581 | D:1      | 1581 ||| IDENTIFYING fuming puce potion
  1582 | D:1      | 1582 ||| DROPPING scroll of blinking.
  1583 | D:1      | 1583 ||| DROPPING scroll of poison.
  1584 | D:1      | 1584 ||| READING scroll of teleportation.
  1626 | D:2      | Noticed Robin
  1633 | D:2      | Reached XP level 3. HP: 7/21 MP: 7/7
  1633 | D:2      | HP: 5/21 [Robin/+0 mace (1)]
  1636 | D:2      | HP: 2/21 [Robin/+0 mace (1)]
  1637 | D:2      | Slain by a hobgoblin

Levels and vault maps discovered:
D:1:      sevenhm_arrival_forest_fort_small_6, layout_loops_ring, serial_forest,
          infiniplex_forest_end_1, infiniplex_forest_lined_2,
          infiniplex_forest_lined_3_way, infiniplex_forest_straight_2,
          infiniplex_forest_straight_3, infiniplex_forest_straight_2,
          infiniplex_forest_lined_2, infiniplex_forest_clump_curved,
          infiniplex_forest_zigzag_1, infiniplex_forest_straight_1,
          hellmonk_ecumenical_altar_leap_of_faith, serial_shops, shop_fountains
D:2:      layout_basic, grunt_decor_fettered, ebering_dispersal_statue_hall,
          minmay_pentomino_v2, uniq_natasha, uniq_robin, uniq_sigmund

Skill      XL: |  1 |
---------------+----+-----
Axes           | 3 |  3.9
Fighting       | |  2.0
Throwing       | |  1.0
Armour         | |  1.1
Dodging        | |  2.1
Spellcasting   | |  2.0
Translocations | |  2.4

Action                   || total
-------------------------++-------
Melee: Hand axe          ||    33
       Kick              ||    10
       Punch             ||     1
       Peck              ||     2
Throw: Boomerang         ||     7
  Use: Scroll            ||     6
Armor: Leather armour    ||     5
       Ring mail         ||     3
Dodge: Dodged            ||    23

Table legend:
 A = Non-vault XP
 B = Vault XP
 C = Vault XP percentage of total XP
 D = Non-vault monster count
 E = Vault monster count
 F = Vault count percentage of total count
                 A         B        C        D         E       F
            +---------+---------+-------+---------+---------+-------
      Total |      25 |      18 |  41.9 |      13 |       9 |  40.9
            +---------+---------+-------+---------+---------+-------
        D:1 |      25 |       0 |   0.0 |      13 |       0 |   0.0
        D:2 |       0 |      18 | 100.0 |       0 |       9 | 100.0
            +---------+---------+-------+---------+---------+-------
